Map: Kairos Junction LE

Players

xorr

  • Race: Protoss Protoss
  • League: Diamond
  • Spawn Location: 5:00

Mez - Winner!

  • Race: Terran Terran
  • League: Master
  • Spawn Location: 11:00

VOD

Have the link to the VOD?

Description

Time

  • Played on: Aug. 11, 2019, 8:46 p.m.
  • Length: 11:09
Show
View Real Time Build Order
Export as new Build Order

xorr Protoss 

Build Orders: Nexus First, Carriers, Colossus Rush 

Get SALT Encoding   

  12  0:00  Probe  
  13  0:12  Probe  
  14  0:25  Probe  
  15  0:47  Nexus  
  15  0:53  Pylon  
  15  1:10  Probe  
  16  1:11  Gateway  
  16  1:18  Assimilator, Probe  
  17  1:26  Probe  
  17  1:29  Assimilator  
  18  1:37  Probe  
  19  1:49  Probe  
  19  1:50  Zealot  
  20  1:58  Cybernetics Core  
  22  2:01  Probe  
  22  2:02  Probe  
  24  2:14  Probe  
  24  2:15  Probe  
  25  2:22  Probe  
  25  2:23  Probe  
  27  2:30  Probe  
  27  2:31  Probe  
  27  2:34  Stalker  
  31  2:40  Probe  
  31  2:43  Pylon  
  32  2:46  Probe  
  33  2:52  Probe  
  34  3:00  Probe  
  34  3:04  Probe  
  36  3:12  Probe  
  35  3:16  Probe  
  36  3:20  Pylon  
  36  3:22  Assimilator  
  36  3:24  Probe  
  36  3:26  Assimilator  
  37  3:29  Probe  
  38  3:36  Probe  
  38  3:40  Probe  
  40  3:42  Stargate  
  40  3:44  Stargate  
  40  3:45  Probe  
  40  3:46  Robotics Facility  
  41  3:48  Probe  
  41  3:53  Probe  
  42  3:56  Probe  
  42  4:00  Shield Battery  
  42  4:02  Probe  
  44  4:22  Probe x2  
  45  4:33  Pylon  
  45  4:51  Probe x2  
  45  4:52  Fleet Beacon  
  45  4:59  Probe x2  
  49  5:08  Probe x2, Observer  
  49  5:11  Robotics Bay  
  49  5:14  Pylon  
  52  5:19  Protoss Air Weapons Level 1  
  52  5:22  Forge  
  52  5:25  Pylon  
  52  5:28  Carrier  
  52  5:29  Shield Battery  
  53  5:35  Shield Battery, Observer  
  53  5:36  Probe x2  
  61  5:43  Carrier  
  61  5:47  Extended Thermal Lance  
  61  5:48  Probe  
  68  5:50  Probe  
  68  5:52  Pylon  
  68  5:56  Colossus  
  74  6:15  Probe  
  74  6:16  Probe  
  76  6:25  Pylon  
  76  6:38  Pylon  
  76  6:40  Photon Cannon  
  76  6:42  Colossus  
  76  6:45  Carrier  
  82  6:47  Photon Cannon  
  88  6:55  Protoss Ground Weapons Level 1  
  88  7:01  Carrier  
  94  7:10  Probe x2  
  96  7:23  Probe  
  96  7:27  Pylon  
  97  7:30  Photon Cannon x2  
  97  7:38  Pylon  
  97  7:40  Colossus  
  97  7:48  Photon Cannon  
  97  7:49  Carrier  
  109  7:51  Shield Battery  
  109  8:06  Pylon x2  
  109  8:14  Pylon  
  109  8:18  Photon Cannon  
  109  8:21  Pylon  
  109  8:24  Protoss Air Weapons Level 2, Carrier  
  107  8:38  Probe  
  105  8:42  Probe  
  105  8:45  Colossus  
  105  8:46  Probe  
  114  8:57  Pylon  
  114  9:22  Pylon  
  113  9:32  Carrier  
  113  9:34  Carrier  
  125  9:41  Nexus  
  125  9:44  Pylon  
  125  9:55  Pylon  
  125  9:59  Twilight Council  
  125  10:03  Photon Cannon  
  125  10:08  Shield Battery  
  125  10:14  Photon Cannon  
  125  10:29  Photon Cannon  
  125  10:30  Photon Cannon  
Show
View Real Time Build Order
Export as new Build Order

Mez Terran - Winner!

Build Orders: Reaper Expand 

Get SALT Encoding   

  12  0:00  SCV  
  13  0:13  SCV  
  14  0:17  Supply Depot  
  14  0:25  SCV  
  15  0:39  SCV  
  15  0:40  Barracks  
  16  0:47  Refinery  
  16  0:51  SCV  
  17  1:03  SCV  
  18  1:15  SCV  
  19  1:28  Orbital Command  
  19  1:31  Reaper  
  20  1:42  Command Center  
  20  1:54  Bunker  
  20  1:56  SCV  
  21  2:11  Barracks Reactor, SCV  
  21  2:12  Supply Depot  
  22  2:23  SCV  
  23  2:39  SCV, Command Center  
  23  2:42  Factory  
  24  2:48  Marine x2  
  26  3:06  Marine x2  
  28  3:14  SCV  
  28  3:18  Refinery  
  29  3:22  Orbital Command  
  29  3:30  Marine  
  29  3:31  Marine  
  29  3:33  Widow Mine  
  33  3:34  Starport  
  33  3:35  SCV  
  34  3:48  SCV x2  
  36  3:51  Orbital Command  
  36  3:54  Widow Mine  
  38  3:58  Refinery  
  38  4:00  SCV x2  
  40  4:12  SCV x2  
  42  4:21  SCV, Factory Tech Lab  
  43  4:24  SCV  
  43  4:29  SCV  
  45  4:33  SCV  
  45  4:37  SCV  
  47  4:40  Starport Tech Lab  
  47  4:41  Siege Tank, SCV  
  47  4:43  Barracks  
  47  4:45  SCV, Barracks  
  51  4:47  Marine x2  
  51  4:49  SCV  
  54  4:53  SCV  
  54  4:57  SCV  
  56  5:00  Raven  
  56  5:01  Engineering Bay  
  56  5:02  Engineering Bay  
  56  5:03  SCV  
  56  5:05  SCV  
  60  5:14  Supply Depot  
  60  5:24  Refinery  
  60  5:29  Barracks x2  
  60  5:33  Orbital Command  
  60  5:36  SCV x2  
  60  5:37  Marine  
  60  5:39  Terran Infantry Armor Level 1, Terran Infantry Weapons Level 1  
  60  5:40  Factory Reactor  
  63  5:45  Missile Turret x2  
  63  5:49  Stimpack, SCV  
  65  5:50  SCV  
  65  5:53  Supply Depot  
  65  5:54  Starport Reactor  
  65  5:56  Marine  
  65  5:57  Marine, Supply Depot x2  
  66  5:59  Combat Shield  
  66  6:01  Marauder  
  69  6:14  Marine  
  69  6:15  SCV, Marauder  
  75  6:18  Widow Mine  
  75  6:19  Widow Mine  
  75  6:20  Barracks Reactor, Barracks Tech Lab  
  75  6:21  SCV x2  
  79  6:27  SCV  
  79  6:29  Supply Depot  
  79  6:31  Supply Depot  
  79  6:32  Marine, Marauder  
  83  6:33  Medivac x2  
  83  6:34  Marine  
  83  6:36  SCV x2  
  90  6:42  Supply Depot  
  90  6:46  Supply Depot x2  
  90  6:51  Marauder x2  
  90  6:52  Concussive Shells  
  90  6:53  Marine x2  
  96  7:03  SCV x2  
  96  7:04  SCV  
  96  7:06  Starport, Factory Reactor  
  96  7:07  Refinery  
  99  7:09  Supply Depot  
  99  7:10  Supply Depot  
  99  7:12  Supply Depot  
  99  7:28  Marine x2  
  99  7:29  Marine x2, Marauder x3  
  109  7:30  Viking x2  
  109  7:33  SCV x3  
  116  7:45  Viking x2  
  116  7:46  Marine x3  
  116  7:47  Marine  
  116  7:50  Armory  
  124  8:00  SCV x3  
  124  8:02  Refinery  
  124  8:05  Marine x5  
  128  8:11  Marine x2  
  128  8:12  Viking, SCV x2  
  138  8:13  Viking  
  140  8:23  Marine  
  140  8:24  Viking x2  
  143  8:39  Marauder  
  143  8:40  Marine x2  
  143  8:41  Marine x2  
  141  8:42  Viking, Marauder x2  
  141  8:43  Viking  
  149  8:51  Supply Depot  
  149  8:52  Supply Depot x2  
  149  8:54  Viking x2  
  153  9:06  Starport  
  153  9:14  Command Center, Marine x7  
  160  9:20  Supply Depot  
  160  9:21  Supply Depot  
  160  9:23  Viking  
  162  9:26  Viking  
  163  9:32  Viking  
  163  9:33  Viking  
  167  9:44  Marine x4  
  171  9:46  Marauder x2  
  171  9:47  Marauder  
  177  9:59  Supply Depot  
  177  10:01  Viking  
Tags
 
Add a new tag
Caveats
  • Supply blocks, unpowered buildings, or Contaminate may cause inaccurate times.
  • Supply counts are checked every 10 seconds.